 Dungeon Crawl Stone Soup version 0.21.1-1-g345015fe64 (webtiles) character file.

485714 KleinerIrrer the Axe Maniac (level 26, -8/208 HPs)
             Began as a Formicid Fighter on Mar 26, 2018.
             Was the Champion of the Shining One.
             Killed from afar by a crystal guardian (29 damage)
             ... with a crystal bolt
             ... on level 3 of the Depths on Apr 2, 2018.
             The game lasted 03:39:55 (61054 turns).

KleinerIrrer the Axe Maniac (Formicid Fighter)     Turns: 61054, Time: 03:39:56

Health: -8/208     AC: 34    Str: 33      XL:     26   Next: 20%
Magic:  31/32      EV: 11    Int: 15 (16) God:    the Shining One [******]
Gold:   2324       SH: 25    Dex:  8      Spells: 25/35 levels left

rFire    + + .     SeeInvis +   L - +9 executioner's axe (holy)
rCold    . . .     Gourm    .   q - +0 large shield
rNeg     + + +     Faith    .   I - +6 plate armour "Sosotsas" {rF+ Str+4 Dex-4}
rPois    +         Spirit   .   (helmet unavailable)
rElec    .         Reflect  .   y - +2 cloak {rPois}
rCorr    .         Harm     .   k - +2 pair of gloves
MR       ++...                  w - +3 pair of boots of Infinity {Str+4 SInv}
Stlth    ..........             b - amulet of regeneration
HPRegen  0.84/turn              v - ring of protection from fire
MPRegen  0.23/turn              z - +4 ring of dexterity

@: glowing
A: permanent stasis, dig shafts and tunnels, four strong arms, antennae 3,
clumsy 1
}: 2/15 runes: decaying, gossamer
a: Dig, Shaft Self, Divine Shield, Cleansing Flame, Summon Divine Warrior,
Renounce Religion


You were on level 3 of the Depths.
You worshipped the Shining One.
The Shining One was exalted by your worship.
You were not hungry.

You visited 10 branches of the dungeon, and saw 44 of its levels.
You visited the Abyss 1 time.
You visited 1 bazaar.
You also visited: Labyrinth, Ice Cave and Volcano.

You collected 6231 gold pieces.
You spent 3907 gold pieces at shops.

Inventory:

Hand Weapons
 L - a +9 executioner's axe of holy wrath (weapon)
 M - the +5 arbalest "Qucaupt" {elec, rPois rF+ Str-2 Int+3}
   (You found it on level 3 of the Elven Halls)

   It charges the ammunition it shoots with electricity; occasionally upon a
   hit, such missiles may discharge and cause terrible harm.
   It affects your strength (-2).
   It affects your intelligence (+3).
   It protects you from fire.
   It protects you from poison.
 U - a +3 flail of freezing
Missiles
 o - 1093 arrows
 u - 1198 bolts
Armour
 k - a +2 pair of gloves (worn)
 q - a +0 large shield (worn)
 w - the +3 pair of boots of Infinity (worn) {Str+4 SInv}
   (You found it on level 1 of the Depths)

   It affects your strength (+4).
   It lets you see invisible.
 y - a +2 cloak of poison resistance (worn)
 I - the +6 plate armour "Sosotsas" (worn) {rF+ Str+4 Dex-4}
   (You found it on level 4 of the Spider Nest)

   It affects your strength (+4).
   It affects your dexterity (-4).
   It protects you from fire.
 T - a scarf of cloud immunity
Jewellery
 b - an amulet of regeneration (around neck)
 c - a +5 ring of dexterity
 h - a +6 ring of protection
 t - an uncursed ring of protection from fire
 v - a ring of protection from fire (left hand)
 z - a +4 ring of dexterity (right hand)
 F - a +5 ring of protection
Wands
 D - a wand of scattershot (7)
 X - a wand of acid (16)
Scrolls
 a - 11 scrolls of identify
 e - 2 scrolls of magic mapping
 m - a scroll of enchant weapon
 n - 7 scrolls of fear
 p - 2 scrolls of summoning
 s - 9 scrolls of fog
 B - a scroll of brand weapon
 C - 24 scrolls of remove curse
 Q - 4 scrolls of holy word
Potions
 d - 3 potions of brilliance
 g - 7 potions of mutation
 i - 7 potions of agility
 j - 6 potions of flight
 l - 8 potions of curing
 A - a potion of might
 O - a potion of magic
 V - 5 potions of cancellation
 W - 3 potions of resistance
Books
 E - a book of the Earth

   Spells                             Type                      Level
   a - Leda's Liquefaction            Hexes/Earth                  4
   b - Bolt of Magma                  Conjuration/Fire/Earth       5
   c - Statue Form                    Transmutation/Earth          6
   d - Iron Shot                      Conjuration/Earth            6
   e - Shatter                        Earth                        9
 G - the Volume of Evil Magic
   (You found it on level 2 of the Depths)

   Spells                             Type                      Level
   a - Sublimation of Blood           Necromancy                   2
   b - Animate Dead                   Necromancy                   4
   c - Borgnjor's Vile Clutch         Necromancy/Earth             5
   The Shining One disapproves of the use of such an item.
Comestibles
 f - 55 rations
 r - 2 chunks of flesh


   Skills:
 * Level 17.1 Fighting
 O Level 27 Axes
 + Level 13.9 Armour
 + Level 7.5 Dodging
 + Level 22.2 Shields
 * Level 5.0 Spellcasting
 * Level 4.7 Necromancy
 - Level 13.0 Invocations
 - Level 0.5 Evocations


You had 25 spell levels left.
You knew the following spells:

 Your Spells              Type           Power        Failure   Level  Hunger
a - Regeneration          Chrm/Necr      ##........   67%         3    ###....
b - Aura of Abjuration    Summ           #.........   100%        5    ######.
c - Song of Slaying       Chrm           #.......     77%         2    ##.....


Dungeon Overview and Level Annotations

Branches:
Dungeon (15/15)            Temple (1/1) D:6            Lair (6/6) D:11
  Swamp (4/4) Lair:2       Spider (4/4) Lair:4        Slime (0/5) Lair:6
    Orc (2/2) D:12            Elf (3/3) Orc:2        Vaults (3/5) D:13
  Crypt (3/3) Vaults:3       Tomb (0/3) Crypt:3      Depths (3/5) D:15

Altars:
Ashenzari
Cheibriados
Dithmenos
Elyvilon
Fedhas
Gozag
Hepliaklqana
Kikubaaqudgha
Makhleb
Nemelex Xobeh
Okawaru
Qazlal
Ru
Sif Muna
Trog
Uskayaw
Vehumet
Wu Jian
Xom
Yredelemnul
Zin
The Shining One
Beogh

Shops:
D:5 *   D:9 *   Orc:2 ([([   Vaults:1 (   Vaults:3 }

Portals:
Hell: Depths:1 Depths:2

Annotations:
Crypt:1 2 transporters


Innate Abilities, Weirdness & Mutations

You cannot be hasted, slowed, berserked, paralysed or teleported.
You can dig through walls and to a lower floor.
Your four strong arms can wield two-handed weapons with a shield.
You have a pair of large antennae on your head. (SInv)
You are clumsy. (Dex -2)


Message History

A sphinx comes into view.
The crystal guardian barely misses you.
You slice the crystal guardian!!
The crystal guardian is heavily damaged.
The crystal guardian fires a crystalline bolt at you.
The crystal bolt burns you! You resist.
You hear a distant "Zot"!
You slash the crystal guardian!
The crystal guardian is severely damaged.
The crystal guardian fires a crystalline bolt at you.
The crystal bolt freezes you!
* * * LOW HITPOINT WARNING * * *
You hit the crystal guardian.
The crystal guardian is severely damaged.
The crystal guardian fires a crystalline bolt at you.
The crystal bolt freezes you!
You feel much better.
The crystal guardian fires a crystalline bolt at you.
The crystal bolt freezes you!
You die...

########## #........#
#..#.....#
#8###..H.##############
#{#
#...k8@..†........##
#{#
#################..##
#{{{# ##..## #{{{8{#
##..## {{E{{8{{. {
##..# ...§{{EE... #...
......E{{{..... ##..
............... ##.
............... ##


You could see a sphinx, a crystal guardian and a wind drake.

Vanquished Creatures
  An ancient lich (Depths:2)
  A greater mummy (Crypt:3)
  Saint Roka (Depths:2)
  The ghost of DildoBatman the Bewitcher, a veteran FoEn of Sif Muna (Crypt:1)
  Nikola (Spider:3)
  5 liches
  Jorgrun (Swamp:2)
  A tentacled monstrosity (Abyss:3)
  2 deep elf master archers (Elf:3)
  2 deep elf blademasters (Elf:3)
  Asterion (Elf:3)
  7 sphinxes
  3 thorn hunters
  A tentacled starspawn (Abyss:3)
  3 tengu reavers
  3 ancient champions
  A daeva (Abyss:3)
  Donald (Elf:1)
  4 revenants
  12 vault wardens
  4 frost giants
  4 deep elf sorcerers
  An iron dragon (Depths:2)
  2 ghost moths (Spider:4)
  5 emperor scorpions
  Aizul (Swamp:2)
  Louise (Spider:1)
  3 orc warlords
  2 deep elf elementalists (Elf:3)
  A draconian shifter (Abyss:3)
  7 ghouls
  A war gargoyle (Depths:3)
  The ghost of flt the Unseen, an adept SpEn of Hepliaklqana (Swamp:4)
  10 ironheart preservers
  15 very ugly things
  5 stone giants
  A juggernaut skeleton (D:15)
  10 vampire knights
  6 deep elf demonologists (Elf:3)
  8 deep elf annihilators
  A blizzard demon (Depths:3)
  A spark wasp (Spider:2)
  The ghost of tensugalgo the Cleaver, a journeyman NaAs of Okawaru (D:10)
  4 mummy priests (Crypt:3)
  4 crystal guardians (Depths:3)
  A deep elf high priest (Elf:3)
  13 deep elf death magi
  4 eidola
  A minotaur (Lab)
  4 fire dragons
  4 ettins
  2 great orbs of eyes
  7 jiangshi
  6 vault guards
  4 yaktaur captains
  7 rakshasas
  7 ice dragons
  An anaconda (Lair:6)
  3 ghost crabs
  36 hydras
  Fannar (D:11)
  8 centaur warriors
  7 ogre magi
  2 catoblepae (Lair:5)
  2 death knights
  28 dancing weapons
  11 alligators
  Erica (D:11)
  24 two-headed ogres
  3 deep troll shamans
  3 tengu warriors
  8 vampire magi
  6 death yaks
  4 orc high priests
  A queen ant (Lair:3)
  A spectral stone giant (Depths:2)
  A death yak (shapeshifter) (Depths:3)
  3 thrashing horrors (Abyss:3)
  2 spriggan berserkers
  Urug (D:11)
  2 deep troll earth magi (Depths:1)
  5 death scarabs (Spider:4)
  3 soul eaters
  3 small abominations
  A storm dragon zombie (Crypt:2)
  A titan skeleton (Crypt:2)
  23 deep elf knights
  A shadow wraith (Crypt:2)
  3 large abominations (Abyss:3)
  A wretched star (Abyss:3)
  An iron giant zombie (Crypt:3)
  12 skeletal warriors
  An entropy weaver zombie (Crypt:3)
  12 deep trolls
  A quicksilver dragon simulacrum (Crypt:2)
  2 unseen horrors
  15 deep elf archers
  An unseen horror (shapeshifter) (Depths:1)
  11 swamp dragons
  5 glowing orange brains
  3 shambling mangroves (Swamp:4)
  2 flayed ghosts
  20 ironbrand convokers
  An orange crystal statue (Depths:1)
  6 necromancers
  A harpy (shapeshifter) (Depths:3)
  A wolf spider zombie (D:15)
  11 harpies
  10 phantasmal warriors
  3 wizards
  3 spectral wolf spiders (Spider:4)
  19 orc knights
  A mana viper (shapeshifter) (Vaults:2)
  A shadow dragon skeleton (Vaults:3)
  69 deep elf magi
  38 ugly things
  16 orb spiders
  2 shadow dragon zombies (Crypt:2)
  An oklob plant (Lair:1)
  22 wolf spiders
  7 orc sorcerers
  4 cyclopes
  A sphinx skeleton (Vaults:3)
  22 slime creatures
  2 moths of wrath (Spider:4)
  A frost giant zombie (Depths:2)
  A worldbinder (Abyss:3)
  5 manticores
  6 elephants (Lair:6)
  The ghost of tensugalgo the Skirmisher, a novice NaAs (D:5)
  3 salamanders (Volcano)
  An elephant (shapeshifter) (Depths:3)
  The ghost of Barra97 the Ruffian, a novice TrBe of Trog (D:6)
  A toenail golem (Volcano)
  6 black mambas
  An apocalypse crab (Abyss:3)
  2 centaur zombies
  A fire giant skeleton (Depths:2)
  A dire elephant zombie (Crypt:3)
  A water nymph (shapeshifter) (Depths:3)
  A guardian serpent (shapeshifter) (D:14)
  4 smoke demons (Abyss:3)
  An ice statue (IceCv)
  3 molten gargoyles
  A gargoyle (D:11)
  11 vault sentinels
  17 spiny frogs
  A spiny frog (shapeshifter) (Vaults:3)
  3 efreet
  4 rime drakes
  3 torpor snails
  9 komodo dragons
  2 spectral redbacks (Spider:4)
  37 yaktaurs
  A kobold demonologist (D:15)
  14 demonic crawlers
  A hellwing (Abyss:3)
  2 komodo dragons (shapeshifter)
  2 tengu conjurers (Depths:1)
  6 freezing wraiths
  17 guardian mummies (Crypt:3)
  2 ice devils (Lair:3)
  2 redback zombies (Spider:4)
  A golden dragon simulacrum (Crypt:2)
  A merfolk (shapeshifter) (Vaults:3)
  2 ancient zymes (Abyss:3)
  A pale draconian skeleton (Crypt:1)
  46 jumping spiders
  A queen bee (shapeshifter) (Vaults:1)
  7 trolls
  4 tyrant leeches
  A hydra skeleton (Crypt:2)
  A yellow draconian skeleton (Crypt:1)
  18 hornets
  A harpy skeleton (D:15)
  3 jumping spider zombies (Spider:4)
  3 spectral jumping spiders (Spider:4)
  22 polar bears
  16 blink frogs
  3 spectral tarantellas (Spider:4)
  A wind drake (Depths:3)
  7 raiju (Abyss:3)
  3 tarantella zombies (Spider:4)
  A stone giant simulacrum (Crypt:2)
  A fire dragon zombie (Crypt:2)
  13 bog bodies
  2 spriggan zombies (D:15)
  5 hippogriffs
  A meliai zombie (Crypt:3)
  A human simulacrum (Vaults:1)
  29 flying skulls
  20 tarantellas
  A spriggan (shapeshifter) (Depths:2)
  6 starcursed masses (Abyss:3)
  A ynoxinul (Abyss:3)
  12 water elementals
  5 air elementals
  2 fire dragon skeletons
  A centaur simulacrum (D:14)
  A satyr skeleton (Crypt:1)
  2 ettin skeletons
  75 redbacks
  8 spriggans
  3 shadows
  3 wyverns
  23 humans
  8 wraiths
  74 yaks
  A vampire (D:13)
  5 fire elementals
  4 hogs (D:11)
  9 ushabtiu (Crypt:3)
  3 golden eyes (Abyss:3)
  A hog (shapeshifter) (Vaults:3)
  8 basilisks
  A chaos spawn (Abyss:3)
  A neqoxec (Abyss:3)
  A steam dragon (Lair:6)
  37 vampire mosquitoes
  7 hungry ghosts
  9 wargs
  15 swamp worms
  Edmund (D:4)
  15 insubstantial wisps
  A naga (shapeshifter) (Vaults:3)
  A soldier ant (shapeshifter) (Vaults:3)
  4 acid dragons
  23 soldier ants
  11 water moccasins
  24 hell hounds
  A human skeleton (D:15)
  8 porcupines
  3 ice beasts
  3 eyes of draining
  5 phantoms
  57 orc warriors
  19 swamp drakes
  A sky beast (shapeshifter) (Elf:3)
  A hornet zombie (Spider:4)
  3 sky beasts
  13 black bears
  3 necrophages
  25 ogres
  41 wolves
  A snapping turtle zombie (Crypt:3)
  8 boggarts (Depths:1)
  16 crocodiles
  16 centaurs
  An elephant skeleton (Crypt:3)
  2 big kobolds
  2 human zombies
  23 bullfrogs
  A wyvern zombie (D:14)
  2 gnoll sergeants
  2 earth elementals (Elf:2)
  A water moccasin zombie (Crypt:1)
  3 scorpions
  A water moccasin skeleton (D:10)
  A troll zombie (D:12)
  A killer bee (D:13)
  7 howler monkeys
  17 wights
  6 electric eels (D:15)
  A vampire bat (D:5)
  5 crimson imps
  A lava snake (Lair:2)
  A bullfrog zombie (D:12)
  A demonspawn zombie (Crypt:3)
  17 jellies
  32 orc priests
  2 quasits
  3 bullfrog skeletons
  6 hounds
  20 orc wizards
  9 centaur skeletons
  12 iguanas
  35 worker ants
  5 ogre zombies (D:12)
  A deep dwarf skeleton (Crypt:2)
  2 hound zombies
  A hound skeleton (D:7)
  7 mummies (Crypt:3)
  3 worker ant zombies
  A howler monkey zombie (D:11)
  11 adders
  6 gnolls
  A howler monkey skeleton (D:6)
  A steam dragon zombie (Crypt:3)
  3 shadow imps
  5 oozes
  An adder zombie (D:3)
  An iguana zombie (Crypt:1)
  An adder skeleton (D:4)
  An iguana skeleton (Crypt:1)
  4 worms
  2 barachi zombies
  A dart slug (D:3)
  10 fire bats
  5 leopard geckos
  104 orcs
  2 spectral bats (D:5)
  15 bats
  4 bat skeletons
  A bat zombie (D:5)
  A giant cockroach (shapeshifter) (Depths:3)
  6 giant cockroaches
  4 goblins
  5 hobgoblins
  6 jackals
  6 quokkas
  A ball python (D:4)
  A ball python zombie (D:6)
  A bat simulacrum (D:5)
  4 frilled lizards
  3 goblin skeletons (D:12)
  2 hobgoblin skeletons (D:12)
  3 hobgoblin zombies (D:12)
  A jackal skeleton (Crypt:2)
  18 kobolds
  A leopard gecko skeleton (Crypt:2)
  An orc skeleton (D:12)
  10 orc zombies (D:12)
  A quokka skeleton (D:5)
  13 rats
  A river rat skeleton (Crypt:2)
  3 briar patches (Swamp:4)
  4 fungi
  12 plants
  4 starspawn tentacles (Abyss:3)
  A withered plant (D:15)
2287 creatures vanquished.

Vanquished Creatures (collateral kills)
  Sojobo (Crypt:1)
  An emperor scorpion (Spider:4)
  A war gargoyle (Depths:3)
  3 death scarabs (Spider:4)
  A thrashing horror (Abyss:3)
  A spectral wolf spider (Spider:4)
  A vault sentinel (Vaults:1)
  A redback zombie (Spider:4)
  A spectral hornet (Spider:4)
  A boggart (Vaults:1)
12 creatures vanquished.

Vanquished Creatures (others)
  A deep elf elementalist (Elf:1)
  2 polar bears (IceCv)
  An air elemental (Depths:3)
  2 water elementals
  2 yaks (IceCv)
  3 wolves (IceCv)
  An electric eel (D:15)
  A ball lightning (Depths:3)
  24 fungi
  A lurking horror (Abyss:3)
  48 plants
  3 withered plants (D:15)
89 creatures vanquished.

Grand Total: 2388 creatures vanquished

Notes
Turn   | Place    | Note
-------+----------+-------------------------------------------
     0 | D:1      | KleinerIrrer the Formicid Fighter began the quest for the Orb.
     0 | D:1      | Reached XP level 1. HP: 18/18 MP: 1/1
   160 | D:1      | Reached XP level 2. HP: 24/24 MP: 2/2
   350 | D:1      | Reached skill level 3 in Axes
   519 | D:2      | Reached XP level 3. HP: 19/29 MP: 3/3
   836 | D:2      | Reached skill level 4 in Axes
   836 | D:2      | Reached XP level 4. HP: 28/35 MP: 4/4
   955 | D:2      | Found a deep blue altar of Sif Muna.
  1187 | D:3      | Found a basalt altar of Yredelemnul.
  1196 | D:3      | Found a transporter.
  1196 | D:3      | Found a transporter.
  1463 | D:3      | Found a blossoming altar of Fedhas.
  1537 | D:3      | Noticed a centaur
  1558 | D:3      | Killed a centaur
  1558 | D:3      | Reached skill level 5 in Axes
  1558 | D:3      | Reached XP level 5. HP: 20/41 MP: 5/5
  2012 | D:4      | Reached XP level 6. HP: 46/47 MP: 6/6
  2278 | D:4      | Noticed Edmund
  2292 | D:4      | Killed Edmund
  2292 | D:4      | Reached skill level 5 in Shields
  2292 | D:4      | Reached XP level 7. HP: 37/52 MP: 7/7
  2474 | D:4      | Reached skill level 6 in Axes
  2716 | D:5      | Entered Level 5 of the Dungeon
  3020 | D:5      | Noticed tensugalgo's ghost (novice NaAs)
  3062 | D:5      | Killed tensugalgo's ghost
  3062 | D:5      | Reached skill level 7 in Axes
  3062 | D:5      | Reached XP level 8. HP: 35/58 MP: 8/8
  3573 | D:5      | Found an opulent altar of Gozag.
  3623 | D:5      | Found Eryi's General Store.
  3650 | D:5      | Bought a scroll of fog for 24 gold pieces
  3650 | D:5      | Bought a scroll of fear for 42 gold pieces
  3981 | D:6      | Found a shadowy altar of Dithmenos.
  4049 | D:6      | Found a staircase to the Ecumenical Temple.
  4081 | Temple   | Entered the Ecumenical Temple
  4164 | Temple   | Became a worshipper of the Shining One
  4551 | D:6      | Reached skill level 8 in Axes
  4551 | D:6      | Reached XP level 9. HP: 48/64 MP: 7/9
  4793 | D:6      | Noticed Barra97's ghost (novice TrBe)
  4817 | D:6      | Killed Barra97's ghost
  4817 | D:6      | Reached skill level 5 in Armour
  5228 | D:6      | Found a sacrificial altar of Ru.
  5691 | D:6      | Reached skill level 9 in Axes
  5810 | D:6      | Noticed a two-headed ogre
  5816 | D:6      | Killed a two-headed ogre
  5816 | D:6      | Reached skill level 10 in Shields
  5816 | D:6      | Reached XP level 10. HP: 10/70 MP: 2/10
  6194 | D:7      | Reached skill level 10 in Axes
  6548 | D:7      | Reached * piety under the Shining One
  7273 | D:8      | Found a snail-covered altar of Cheibriados.
  7879 | D:9      | Found a white marble altar of Elyvilon.
  7914 | D:9      | Reached ** piety under the Shining One
  7930 | D:9      | Reached skill level 11 in Axes
  7956 | D:9      | Reached XP level 11. HP: 61/74 MP: 9/11
  8310 | D:9      | Found Caotosi's Assorted Antiques.
  8569 | D:10     | Entered Level 10 of the Dungeon
  9123 | D:10     | Noticed tensugalgo's ghost (journeyman NaAs)
  9420 | D:10     | Killed tensugalgo's ghost
  9595 | D:11     | Found a staircase to the Lair.
  9595 | D:11     | Noticed Fannar
  9819 | D:11     | Reached *** piety under the Shining One
  9828 | D:10     | Reached skill level 1 in Invocations
  9953 | D:10     | Reached skill level 12 in Axes
 10189 | D:11     | Killed Fannar
 10323 | D:11     | Noticed Erica
 10333 | D:11     | Killed Erica
 10407 | D:11     | Noticed Urug
 10710 | D:11     | Noticed a green ugly thing
 10716 | D:11     | Reached XP level 12. HP: 59/80 MP: 8/14
 10883 | D:11     | Killed Urug
 11582 | Lair:1   | Entered Level 1 of the Lair of Beasts
 11834 | Lair:1   | Reached skill level 13 in Axes
 11834 | Lair:1   | Reached skill level 5 in Invocations
 12612 | Lair:2   | Found a staircase to the Swamp.
 12893 | Lair:2   | Reached XP level 13. HP: 82/85 MP: 15/17
 13082 | Lair:2   | Reached **** piety under the Shining One
 13590 | Lair:3   | Found a frozen archway.
 13630 | IceCv    | Entered an ice cave
 13836 | IceCv    | Got a sparkling platinum ring
 13844 | IceCv    | Identified the ring of Zudwauf {Ice rPois Str+3 Int+6} (You found it in an ice cave)
 14034 | IceCv    | Reached skill level 14 in Axes
 14328 | IceCv    | Noticed a frost giant
 14356 | IceCv    | Reached skill level 15 in Shields
 14362 | IceCv    | Killed a frost giant
 15247 | Lair:3   | Reached skill level 10 in Armour
 15949 | Lair:3   | Reached XP level 14. HP: 93/93 MP: 20/20
 16062 | Lair:3   | Reached skill level 1 in Dodging
 16611 | Lair:4   | Found a hole to the Spider Nest.
 17947 | Lair:5   | Found a labyrinth entrance.
 17957 | Lair:5   | Reached skill level 15 in Axes
 18219 | Lab      | Entered a labyrinth
 18452 | Lab      | Got a vibrating golden ring
 18467 | Lab      | Got a scintillating platinum ring
 18468 | Lab      | Identified the ring "Baewn" {+Blink Stlth+} (You found it in a labyrinth)
 18470 | Lab      | Identified the ring of the Genius {MP-9 EV+3 Int+3 Dex+4} (You found it in a labyrinth)
 19583 | Lair:6   | Entered Level 6 of the Lair of Beasts
 19694 | Lair:6   | Reached ***** piety under the Shining One
 19880 | Lair:6   | Reached XP level 15. HP: 81/98 MP: 15/22
 20072 | Lair:6   | Reached skill level 10 in Invocations
 20237 | Lair:6   | Reached skill level 16 in Axes
 20521 | Lair:6   | Found a staircase to the Slime Pits.
 21509 | Lair:6   | Got a jewelled scale mail
 21520 | Lair:6   | Identified the +6 scale mail "Bangieff" {rElec Dex+3} (You found it on level 6 of the Lair of Beasts)
 21981 | D:12     | Reached ****** piety under the Shining One
 22007 | D:12     | Found a staircase to the Orcish Mines.
 22197 | Orc:1    | Entered Level 1 of the Orcish Mines
 22370 | Orc:2    | Entered Level 2 of the Orcish Mines
 22423 | Orc:2    | Found a dark tunnel.
 22445 | Volcano  | Entered a volcano
 22476 | Volcano  | Reached skill level 17 in Axes
 22735 | Orc:1    | Noticed an orc warlord
 22805 | Orc:2    | Noticed an orc warlord
 22828 | Orc:1    | Killed an orc warlord
 22979 | Orc:2    | Reached skill level 5 in Dodging
 23423 | Orc:2    | Found a roughly hewn altar of Beogh.
 23428 | Orc:2    | Reached XP level 16. HP: 101/104 MP: 22/24
 23443 | Orc:2    | Found Holuipp's Armour Boutique.
 23580 | Orc:2    | Found Fuysodau's Antique Weapon Emporium.
 23581 | Orc:2    | Found a roughly hewn altar of Beogh.
 23584 | Orc:2    | Found Cuila's Antique Armour Shoppe.
 23654 | Orc:2    | Found a roughly hewn altar of Beogh.
 23656 | Orc:2    | Found Anacap's Weapon Boutique.
 23823 | Orc:2    | Found a roughly hewn altar of Beogh.
 23846 | Orc:2    | Found a staircase to the Elven Halls.
 24029 | Orc:2    | Found a roughly hewn altar of Beogh.
 26225 | D:13     | Reached skill level 18 in Axes
 26708 | D:13     | Found a gate to the Vaults.
 26895 | D:13     | Noticed a frost giant
 27004 | D:13     | Killed a frost giant
 27922 | D:15     | Entered Level 15 of the Dungeon
 28107 | D:15     | Reached XP level 17. HP: 109/109 MP: 25/25
 28334 | D:15     | Found a staircase to the Depths.
 28352 | D:15     | Reached skill level 19 in Axes
 28837 | Swamp:1  | Entered Level 1 of the Swamp
 30147 | Swamp:2  | Noticed Jorgrun
 30173 | Swamp:2  | Killed Jorgrun
 30661 | Swamp:2  | Noticed a thorn hunter
 30675 | Swamp:2  | Killed a thorn hunter
 31050 | Swamp:2  | Noticed Aizul
 31068 | Swamp:2  | Killed Aizul
 31816 | Swamp:3  | Noticed a thorn hunter
 31828 | Swamp:3  | Killed a thorn hunter
 31999 | Swamp:3  | Reached skill level 20 in Axes
 32225 | Swamp:3  | Reached XP level 18. HP: 42/116 MP: 9/27
 32905 | Swamp:4  | Entered Level 4 of the Swamp
 33889 | Swamp:4  | Noticed flt's ghost (adept SpEn)
 33910 | Swamp:4  | Killed flt's ghost
 33993 | Swamp:4  | Identified 2 scrolls of acquirement
 35338 | Swamp:4  | Got a decaying rune of Zot
 35594 | Spider:1 | Entered Level 1 of the Spider Nest
 35936 | Spider:1 | Reached skill level 21 in Axes
 36482 | Spider:1 | Reached XP level 19. HP: 121/121 MP: 28/28
 36719 | Spider:1 | Noticed Louise
 36740 | Spider:1 | Killed Louise
 37864 | Spider:3 | Noticed Nikola
 37900 | Spider:3 | Killed Nikola
 38970 | Spider:4 | Entered Level 4 of the Spider Nest
 39014 | Spider:4 | Got a faintly humming cloak
 39030 | Spider:3 | Identified the +2 cloak of Kikubaaqudgha {Int+3} (You found it on level 4 of the Spider Nest)
 39220 | Spider:4 | Got a bloodstained plate armour
 39244 | Spider:3 | Identified the +6 plate armour "Sosotsas" {rF+ Str+4 Dex-4} (You found it on level 4 of the Spider Nest)
 39450 | Spider:4 | Reached skill level 22 in Axes
 39932 | Spider:4 | Got a distressingly furry hat
 40072 | Spider:4 | Identified the +1 hat of Fuatocky {rN+ Regen+ Int+4 SInv} (You found it on level 4 of the Spider Nest)
 40585 | Spider:4 | Reached XP level 20. HP: 127/127 MP: 29/29
 40614 | Spider:4 | Got a gossamer rune of Zot
 41163 | Depths:1 | Entered Level 1 of the Depths
 41163 | Depths:1 | Noticed a lich
 41170 | Depths:1 | Killed a lich
 41926 | Depths:1 | Reached skill level 23 in Axes
 42223 | Vaults:1 | Entered Level 1 of the Vaults
 43096 | Vaults:1 | Reached XP level 21. HP: 128/132 MP: 27/30
 43445 | Vaults:1 | Reached skill level 24 in Axes
 43750 | Vaults:1 | Found Iruar's Antique Weapon Emporium.
 45118 | Vaults:2 | Got a spiked scale mail
 45156 | Vaults:2 | Identified the +5 scale mail "Urruchy" {Stlth+} (You found it on level 2 of the Vaults)
 45692 | Vaults:2 | Found the +2 hat of the Bear Spirit {Spirit, +Rage rN+ MR++}
 45819 | Vaults:2 | Reached skill level 25 in Axes
 46336 | Elf:1    | Entered Level 1 of the Elven Halls
 46345 | Elf:1    | Reached XP level 22. HP: 142/142 MP: 31/31
 46473 | Elf:1    | Reached skill level 5 in Fighting
 47133 | Elf:1    | Identified the Tome of Confrontation
 47339 | Elf:1    | Noticed Donald
 47346 | Elf:1    | Killed Donald
 48837 | Elf:2    | Found a huge runed gate.
 48837 | Elf:2    | Found a huge runed gate.
 48838 | Elf:2    | Found a huge runed gate.
 48839 | Elf:2    | Found a huge runed gate.
 48844 | Elf:2    | Found a huge runed gate.
 49706 | Elf:3    | Entered Level 3 of the Elven Halls
 49761 | Elf:3    | Found a flickering gateway to a bazaar.
 49781 | Bazaar   | Entered a bazaar
 49781 | Bazaar   | Found Kics's Jewellery Boutique.
 49781 | Bazaar   | Found Byvoa's Book Boutique.
 49805 | Bazaar   | Found Mubbetol's Assorted Antiques.
 49842 | Bazaar   | Found Cuary's Magic Scroll Shop.
 49917 | Bazaar   | Bought a Necronomicon for 1656 gold pieces
 49927 | Bazaar   | Bought a +4 amulet of reflection for 324 gold pieces
 49927 | Bazaar   | Bought the amulet of the Air {Inacc +Fly rElec EV+5 RMsl} for 571 gold pieces
 49927 | Bazaar   | Found the amulet of the Air {Inacc +Fly rElec EV+5 RMsl}
 49944 | Bazaar   | Bought a pair of embroidered boots for 240 gold pieces
 50024 | Bazaar   | Bought a book of the Tempests for 1050 gold pieces
 50481 | Elf:3    | Reached XP level 23. HP: 159/159 MP: 32/32
 50607 | Elf:3    | Reached skill level 26 in Axes
 51178 | Elf:3    | Cast into level 3 of the Abyss (a deep elf demonologist)
 51185 | Abyss:3  | Found a corrupted altar of Lugonu.
 51348 | Abyss:3  | Gained mutation: You are clumsy. (Dex -2) [a neqoxec]
 51521 | Abyss:3  | Identified a +9 executioner's axe of holy wrath (a +7 executioner's axe of chopping blessed by the Shining One)
 51521 | Abyss:3  | Received a gift from the Shining One
 51561 | Elf:3    | Escaped the Abyss
 51579 | Elf:3    | Reached skill level 10 in Fighting
 51901 | Elf:3    | Noticed Asterion
 51915 | Elf:3    | Killed Asterion
 52362 | Elf:3    | Got a scorched dire flail {crush}
 52363 | Elf:3    | Identified the +1 dire flail of Sloth {crush, rF+ rN+} (You took it off a deep elf sorcerer on level 3 of the Elven Halls)
 52714 | Elf:3    | Identified the Papyrus of Moulding
 52720 | Elf:3    | Got a fine arbalest
 52721 | Elf:3    | Identified the +5 arbalest "Qucaupt" {elec, rPois rF+ Str-2 Int+3} (You found it on level 3 of the Elven Halls)
 52766 | Elf:3    | Got a fine crystal amulet
 52849 | Elf:3    | Identified the amulet of Youthful Indiscretion {+Rage Str+6} (You took it off a deep elf demonologist on level 3 of the Elven Halls)
 53571 | Lair:1   | Learned a level 3 spell: Regeneration
 53577 | Lair:1   | Learned a level 5 spell: Aura of Abjuration
 53998 | Vaults:3 | Reached XP level 24. HP: 176/176 MP: 32/32
 54663 | Vaults:3 | Found Yhoavo's Gadget Boutique.
 54899 | Vaults:3 | Found a staircase to the Crypt.
 55435 | Crypt:1  | Entered Level 1 of the Crypt
 55508 | Crypt:1  | Noticed DildoBatman's ghost (veteran FoEn)
 55530 | Crypt:1  | Killed DildoBatman's ghost
 55563 | Crypt:1  | Noticed Sojobo
 55605 | Crypt:1  | Killed Sojobo
 55912 | Crypt:1  | Found a transporter.
 55992 | Crypt:1  | Found a transporter.
 56059 | Crypt:1  | Reached skill level 27 in Axes
 56636 | Crypt:2  | Learned a level 2 spell: Song of Slaying
 56750 | Crypt:2  | Reached XP level 25. HP: 191/191 MP: 32/32
 56801 | Crypt:2  | Reached skill level 1 in Spellcasting
 56843 | Crypt:2  | Reached skill level 1 in Necromancy
 57066 | Crypt:3  | Entered Level 3 of the Crypt
 57069 | Crypt:3  | Found a basalt altar of Yredelemnul.
 57451 | Crypt:3  | Reached skill level 15 in Fighting
 57573 | Crypt:3  | Found a staircase to the Tomb.
 57661 | Crypt:3  | Found a basalt altar of Yredelemnul.
 57892 | Crypt:3  | Noticed a greater mummy
 57901 | Crypt:3  | Killed a greater mummy
 58010 | Crypt:3  | Identified Ciapomin's Grimoire of Dark Rites
 58021 | Crypt:3  | Got a pair of shimmering boots
 58032 | Crypt:3  | Identified the -4 pair of boots of Ru's Castigation {+Fly} (You found it on level 3 of the Crypt)
 58908 | Depths:1 | Got a pair of faintly glowing boots
 58935 | Depths:1 | Identified the +3 pair of boots of Infinity {Str+4 SInv} (You found it on level 1 of the Depths)
 59021 | Depths:1 | Found a gateway to Hell.
 59403 | Depths:2 | Found the +6 shillelagh "Devastator" {shatter}
 59653 | Depths:2 | Noticed an ancient lich
 59655 | Depths:2 | Killed an ancient lich
 59686 | Depths:2 | Identified the Volume of Evil Magic
 59947 | Depths:2 | Noticed Saint Roka
 59966 | Depths:2 | Killed Saint Roka
 60594 | Depths:3 | Reached XP level 26. HP: 140/191 MP: 32/32
 60810 | Depths:3 | Found the +0 Maxwell's etheric cage {RegenMP+ *Contam rElec MP+4}
 60885 | Depths:3 | Found the +5 scythe "Finisher" {speed, Str+3}
 61049 | Depths:3 | Reached skill level 5 in Spellcasting
 61054 | Depths:3 | Killed from afar by a crystal guardian

Skill      XL: |  1  2  3  4  5  6  7  8  9 10 11 12 13 14 15 16 17 18 19 20 21 22 23 24 25 26 |
---------------+-------------------------------------------------------------------------------+-----
Axes           | 3 4 5 7 8 9 11 12 13 14 15 17 18 20 21 22 23 25 26 27 | 27.0
Shields        | 4 5 7 8 10 11 13 14 15 16 17 18 19 20 21 22 | 22.2
Armour         | 4 5 6 8 9 10 11 12 13 | 13.9
Invocations    | 3 6 8 9 10 11 12 13 | 13.0
Dodging        | 3 5 6 7 |  7.5
Fighting       | 4 8 11 14 16 17 | 17.1
Spellcasting   | 4 5 |  5.0
Necromancy     | 4 |  4.7
Evocations     | |  0.5

Action                   |  1- 3 |  4- 6 |  7- 9 | 10-12 | 13-15 | 16-18 | 19-21 | 22-24 | 25-27 || total
-------------------------+-------+-------+-------+-------+-------+-------+-------+-------+-------++-------
Melee: War axe           |   105 |   169 |   343 |       |       |       |       |       |       ||   617
       Hand axe          |       |       |    49 |   703 |   304 |       |       |       |       ||  1056
       Battleaxe         |       |       |       |       |   573 |       |       |       |       ||   573
       Executioner's axe |       |       |       |       |   343 |  1133 |  1199 |  1422 |   521 ||  4618
       Flail             |       |       |       |       |    16 |   220 |       |    18 |       ||   254
Invok: Divine Shield     |       |       |       |     2 |     4 |     7 |     3 |     6 |     2 ||    24
       Summon Divine War |       |       |       |       |       |       |     2 |     2 |     3 ||     7
       Brand Weapon With |       |       |       |       |       |       |       |     1 |       ||     1
 Abil: Dig               |       |       |     1 |     9 |     9 |     6 |     7 |    16 |     1 ||    49
       Shaft Self        |       |       |       |       |       |       |       |     2 |       ||     2
Evoke: Wand              |       |       |       |       |       |     1 |       |       |       ||     1
  Use: Scroll            |       |       |     5 |     4 |    17 |     5 |     4 |    11 |       ||    46
       Potion            |       |       |       |       |     3 |     1 |     1 |    10 |     1 ||    16
  Eat: Chunk             |       |     5 |    12 |    21 |    30 |    32 |    21 |    25 |     7 ||   153
       Ration            |       |       |       |     1 |     3 |     4 |     4 |     4 |     2 ||    18
Armor: Scale mail        |     9 |       |       |       |    40 |   499 |   108 |       |       ||   656
       Chain mail        |    66 |   101 |    32 |       |       |       |       |       |       ||   199
       Plate armour      |       |       |   133 |   135 |   349 |       |   309 |   402 |    95 ||  1423
Dodge: Dodged            |    30 |    24 |    40 |    63 |   200 |   479 |   278 |   160 |    46 ||  1320
       Deflected         |       |       |       |       |       |       |       |     1 |       ||     1
Block: Shield            |    72 |     6 |       |       |       |       |       |       |       ||    78
       Large shield      |       |   139 |   358 |   431 |  1161 |  1502 |  1205 |  1030 |   295 ||  6121
